 Dungeon Crawl Stone Soup version 0.22.1-2-g9c5b331 (webtiles) character file.

59 Fang the Skirmisher (level 4, -3/43 HPs)
             Began as a Gargoyle Berserker on Dec 5, 2018.
             Was a Believer of Trog.
             Slain by a gnoll
             ... wielding a +0 spear
              (8 damage)
             ... on level 2 of the Dungeon.
             The game lasted 00:00:59 (960 turns).

Fang the Skirmisher (Gargoyle Berserker)             Turns: 960, Time: 00:00:59

Health: -3/43      AC:  5    Str: 27    XL:     4   Next: 3%
Magic:  4/4        EV: 12    Int:  5    God:    Trog [**....]
Gold:   37         SH:  0    Dex:  9    Spells: 3/3 levels left

rFire    . . .     SeeInvis .   a - +0 hand axe
rCold    . . .     Gourm    .   (no shield)
rNeg     + . .     Faith    .   b - +0 animal skin
rPois    ∞         Spirit   .   (no helmet)
rElec    +         Reflect  .   (no cloak)
rCorr    .         Harm     .   (no gloves)
MR       .....                  (no boots)
Stlth    ..........             (no amulet)
HPRegen  0.14/turn              h - -2 ring of intelligence (curse)
MPRegen  0.09/turn              (no ring)

@: berserking, very quick
A: negative energy resistance 1, electricity resistance, unbreathing,
petrification resistance, rot immunity, AC +3
a: Berserk, Trog's Hand, Renounce Religion


You were on level 2 of the Dungeon.
You worshipped Trog.
Trog was pleased with you.
You were hungry.

You visited 1 branch of the dungeon, and saw 2 of its levels.

You collected 37 gold pieces.

Inventory:

Hand Weapons
 a - a +0 hand axe (weapon)
Armour
 b - a +0 animal skin (worn)
Jewellery
 h - a cursed -2 ring of intelligence (left hand)
Scrolls
 e - a scroll of remove curse {unknown}
Potions
 d - a potion of might {unknown}
 f - a potion of curing {unknown}
 g - 2 potions of flight {unknown}
 i - 2 potions of mutation {unknown}
Comestibles
 c - 5 rations


   Skills:
 + Level 4.0 Fighting
 + Level 3.6 Axes
 + Level 2.3 Armour
 + Level 1.7 Dodging
 + Level 0.4 Stealth


You had 3 spell levels left.
You didn't know any spells.
Your spell library was empty.

Dungeon Overview and Level Annotations

Branches:
Dungeon (2/15)

Altars:
Hepliaklqana


Innate Abilities, Weirdness & Mutations

You are resistant to torment.
Your stone body is resilient. (AC +3)
You are immune to poison.
You resist negative energy. (rN+)
You are resistant to electric shocks. (rElec)
You can survive without breathing.
You are immune to petrification.
You are immune to rotting.


Message History

The gnoll closely misses you. The gnoll barely misses you. The adder bites you.
* * * LOW HITPOINT WARNING * * *
The hobgoblin barely misses you.
You slash the hobgoblin!
You kill the hobgoblin!
Trog accepts your kill.
You barely miss the gnoll. You closely miss the adder.
The gnoll closely misses you. The adder bites you.
* * * LOW HITPOINT WARNING * * *
The gnoll hits you from afar with a spear.
* * * LOW HITPOINT WARNING * * *
The gnoll closely misses you. The gnoll misses you.
You see here a club.
You closely miss the gnoll. You hit the adder.
The adder bites you but does no damage.
Unknown command.
You barely miss the gnoll. You slash the gnoll! You closely miss the adder.
The gnoll misses you.
The gnoll hits you from afar with a spear!
You die...

#........#......
#....)..........
#######...............
#.....................
#.....................
#.....................
#..##....(.†........
#####.#S................
......g@##..............
.....gg#####.....#.....#
....... #######.#####
....... ####.#####
.(..... #........#
....... #....###..
####### #....# #.#
#....# #.# ###### #..


You could see 3 gnolls and an adder.

Vanquished Creatures
  2 adders (D:2)
  2 worms (D:2)
  4 leopard geckos
  4 goblins (D:2)
  2 hobgoblins
  2 jackals (D:2)
  A quokka (D:2)
  4 bats
  2 frilled lizards
  7 kobolds
30 creatures vanquished.

Notes
Turn   | Place    | Note
-------+----------+-------------------------------------------
     0 | D:1      | Fang the Gargoyle Berserker began the quest for the Orb.
     0 | D:1      | Reached XP level 1. HP: 14/14 MP: 1/1
   146 | D:1      | Reached XP level 2. HP: 17/19 MP: 2/2
   570 | D:2      | Reached XP level 3. HP: 24/24 MP: 3/3
   664 | D:2      | Found a hazy altar of Hepliaklqana.
   802 | D:2      | Reached ** piety under Trog
   940 | D:2      | Reached skill level 4 in Fighting
   940 | D:2      | Reached XP level 4. HP: 20/29 MP: 4/4
   960 | D:2      | Slain by a gnoll

Skill      XL: |  1  2  3 |
---------------+----------+-----
Axes           | 3 |  3.6
Fighting       | 4 |  4.0
Armour         | |  2.3
Dodging        | |  1.7
Stealth        | |  0.4

Action                   |  1- 3 |  4- 6 || total
-------------------------+-------+-------++-------
Melee: Hand axe          |    84 |     7 ||    91
Invok: Berserk           |     1 |     1 ||     2
  Eat: Chunk             |     1 |       ||     1
Armor: Animal skin       |    25 |     6 ||    31
Dodge: Dodged            |    72 |    14 ||    86
